2069 views
Uploaded 2023-06-24 23:46:03
Game version 1.36 (6115)
18:09 long 2on2 ladder game on (6)GnollWood
Saved by Adventurer
2069 views
Uploaded 2023-06-24 23:46:03
Game version 1.36 (6115)
18:09 long 2on2 ladder game on (6)GnollWood


58 units @ 9.9k
/ 1.6k
31 buildings @ 5.1k
/ 2.3k


| Healing Salve | 3 | 300 |
| Scroll of Speed | 1 | 50 |
| Lesser Clarity Potion | 4 | 280 |
| Orb of Lightning | 2 | 750 |
| Potion of Healing | 2 | 300 |
| Scroll of Healing | 1 | 250 |
| Scroll of Town Portal | 1 | 350 |
| Potion of Lesser Invulnerability | 1 | 150 |
| total: | 15 | 2430g |
| Peon | 8 | 600 | / | 0 |
| Grunt | 6 | 1200 | / | 0 |
| Wind Rider | 3 | 795 | / | 120 |
| Raider | 6 | 1080 | / | 240 |
| Shaman | 4 | 520 | / | 80 |
| Kodo Beast | 1 | 255 | / | 60 |
| Troll Headhunter | 1 | 140 | / | 20 |
| Troll Batrider | 1 | 160 | / | 40 |
| total: | 30 | 4750g | / | 560w |
| Altar of Storms | 1 | 180 | / | 50 |
| Orc Burrow | 5 | 800 | / | 200 |
| Barracks | 1 | 180 | / | 50 |
| Voodoo Lounge | 1 | 130 | / | 30 |
| War Mill | 1 | 205 | / | 0 |
| Beastiary | 2 | 290 | / | 280 |
| Spirit Lodge | 1 | 150 | / | 150 |
| Stronghold | 1 | 315 | / | 190 |
| Fortress | 1 | 325 | / | 190 |
| total: | 12 | 1935g | / | 760w |
| 0:01 | Peon |
| 0:04 | Altar of Storms |
| 0:11 | Peon |
| 0:16 | Orc Burrow |
| 0:27 | Peon |
| 0:42 | Peon |
| 0:55 | Peon |
| 1:15 | Peon |
| 1:15 | Peon |
| 1:21 | Barracks |
| 1:47 | Peon |
| 2:03 | Stronghold |
| 2:05 | Feral Spirit |
| 2:25 | Grunt |
| 2:44 | Orc Burrow |
| 2:46 | Voodoo Lounge |
| 3:48 | Grunt |
| 4:10 | Grunt |
| 4:24 | Orc Burrow |
| 4:50 | Beastiary |
| 4:51 | Beastiary |
| 4:52 | Healing Salve |
| 4:52 | Scroll of Speed |
| 5:25 | Healing Salve |
| 5:25 | Lesser Clarity Potion |
| 5:31 | Hex |
| 6:06 | Chain Lighting |
| 6:35 | Wind Rider |
| 6:36 | Wind Rider |
| 7:08 | Wind Rider |
| 7:24 | Orc Burrow |
| 7:25 | War Mill |
| 8:09 | Healing Wave |
| 8:16 | Fortress |
| 8:18 | Spirit Lodge |
| 9:05 | Scroll of Healing |
| 9:06 | Potion of Lesser Invulnerability |
| 9:39 | Raider |
| 9:40 | Ensnare |
| 9:41 | Shaman |
| 10:11 | Kodo Beast |
| 10:36 | Orc Burrow |
| 10:37 | Shaman Adept Training |
| 10:39 | War Drums Damage Increase |
| 10:46 | Healing Wave |
| 10:52 | Berserker Strength |
| 11:13 | Chain Lighting |
| 11:41 | Lesser Clarity Potion |
| 11:42 | Orb of Lightning |
| 11:49 | Troll Regeneration |
| 11:49 | Raider |
| 11:50 | Shaman |
| 12:33 | Raider |
| 12:52 | Grunt |
| 12:53 | Troll Headhunter |
| 12:53 | Shaman |
| 13:46 | Hex |
| 14:01 | Grunt |
| 14:01 | Raider |
| 14:17 | Shaman |
| 14:28 | Shaman Master Training |
| 14:31 | Troll Batrider |
| 14:35 | Lesser Clarity Potion |
| 14:35 | Lesser Clarity Potion |
| 14:37 | Healing Salve |
| 14:46 | Potion of Healing |
| 14:46 | Orb of Lightning |
| 14:48 | Potion of Healing |
| 15:12 | Scroll of Town Portal |
| 16:07 | Raider |
| 16:53 | Feral Spirit |
| 17:07 | Grunt |
| 17:08 | Raider |
| Right click | 1430 |
| Select group | 943 |
| Select | 431 |
| Misc. action | 163 |
| Build/train/purchase | 95 |
| Use ability | 83 |
| Assign group | 40 |
| Resource trade | 21 |
| Chat | 19 |
| Minimap ping | 14 |
| Item give/drop | 2 |
| Esc | 2 |

| Rod of Necromancy | 2 | 300 |
| Sacrificial Skull | 1 | 50 |
| Ritual Dagger | 1 | 125 |
| Potion of Healing | 2 | 300 |
| Potion of Mana | 2 | 400 |
| Scroll of Town Portal | 1 | 350 |
| Healing Salve | 1 | 100 |
| total: | 10 | 1625g |
| Acolyte | 10 | 750 | / | 0 |
| Ghoul | 5 | 600 | / | 0 |
| Crypt Fiend | 7 | 1505 | / | 280 |
| Frost Wyrm | 6 | 2310 | / | 720 |
| total: | 28 | 5165g | / | 1000w |
| Nerubian Tower | 3 | 300 | / | 60 |
| Spirit Tower | 4 | 580 | / | 160 |
| Graveyard | 1 | 215 | / | 0 |
| Crypt | 1 | 200 | / | 50 |
| Altar of Darkness | 1 | 180 | / | 50 |
| Ziggurat | 8 | 1200 | / | 400 |
| Tomb of Relics | 2 | 260 | / | 60 |
| Necropolis | 1 | 225 | / | 0 |
| Boneyard | 5 | 875 | / | 1000 |
| Halls of the Dead | 2 | 640 | / | 420 |
| Black Citadel | 1 | 325 | / | 230 |
| total: | 19 | 3155g | / | 1560w |
| 0:06 | Acolyte |
| 0:06 | Acolyte |
| 0:16 | Graveyard |
| 0:20 | Crypt |
| 0:31 | Altar of Darkness |
| 0:49 | Ziggurat |
| 1:08 | Tomb of Relics |
| 1:23 | Ghoul |
| 1:43 | Ghoul |
| 1:53 | Ghoul |
| 1:57 | Ziggurat |
| 2:17 | Ghoul |
| 2:36 | Rod of Necromancy |
| 2:39 | Carrion Beetles |
| 2:49 | Sacrificial Skull |
| 2:51 | Acolyte |
| 3:09 | Ghoul |
| 3:49 | Ziggurat |
| 3:50 | Ziggurat |
| 4:04 | Crypt Fiend |
| 4:40 | Nerubian Tower |
| 4:45 | Acolyte |
| 4:45 | Acolyte |
| 4:45 | Acolyte |
| 4:45 | Acolyte |
| 4:46 | Acolyte |
| 5:59 | Ziggurat |
| 6:04 | Impale |
| 6:48 | Necropolis |
| 6:50 | Spirit Tower |
| 6:52 | Ziggurat |
| 7:01 | Crypt Fiend |
| 7:04 | Acolyte |
| 7:18 | Acolyte |
| 7:35 | Halls of the Dead |
| 8:00 | Spirit Tower |
| 8:10 | Crypt Fiend |
| 8:10 | Crypt Fiend |
| 8:26 | Creature Attack |
| 8:27 | Creature Carapace |
| 8:48 | Crypt Fiend |
| 9:14 | Crypt Fiend |
| 9:34 | Carrion Beetles |
| 9:39 | Crypt Fiend |
| 9:59 | Black Citadel |
| 10:03 | Rod of Necromancy |
| 10:03 | Ritual Dagger |
| 10:11 | Web |
| 10:18 | Improved Creature Attack |
| 10:21 | Potion of Healing |
| 10:21 | Potion of Mana |
| 11:02 | Spirit Tower |
| 11:09 | Scroll of Town Portal |
| 11:23 | Nerubian Tower |
| 12:38 | Boneyard |
| 12:40 | Boneyard |
| 13:14 | Boneyard |
| 13:14 | Boneyard |
| 14:08 | Frost Wyrm |
| 14:31 | Frost Wyrm |
| 14:36 | Boneyard |
| 14:42 | Ghoul Frenzy |
| 14:46 | Ziggurat |
| 14:46 | Ziggurat |
| 14:59 | Tomb of Relics |
| 15:12 | Advanced Creature Attack |
| 15:14 | Improved Creature Carapace |
| 15:36 | Frost Wyrm |
| 16:02 | Potion of Healing |
| 16:02 | Potion of Mana |
| 16:09 | Impale |
| 16:22 | Healing Salve |
| 16:29 | Frost Wyrm |
| 16:29 | Frost Wyrm |
| 17:09 | Frost Wyrm |
| Right click | 962 |
| Select | 323 |
| Select group | 281 |
| Build/train/purchase | 112 |
| Assign group | 85 |
| Chat | 33 |
| Resource trade | 24 |
| Misc. action | 20 |
| Use ability | 13 |
| Item give/drop | 2 |
| Remove unit | 2 |
| Esc | 1 |
59 units @ 9.1k
/ 1.4k
25 buildings @ 4k
/ 1.3k



| Healing Salve | 3 | 300 |
| Scroll of Speed | 2 | 100 |
| Lesser Clarity Potion | 3 | 210 |
| Tiny Great Hall | 1 | 600 |
| Orb of Lightning | 1 | 375 |
| Potion of Mana | 1 | 200 |
| Scroll of Healing | 3 | 750 |
| Potion of Lesser Invulnerability | 1 | 150 |
| Scroll of Protection | 1 | 150 |
| total: | 16 | 2835g |
| Peon | 9 | 675 | / | 0 |
| Troll Headhunter | 3 | 420 | / | 60 |
| Spirit Walker | 3 | 585 | / | 105 |
| Tauren | 5 | 1400 | / | 400 |
| Shaman | 6 | 780 | / | 120 |
| Troll Berserker | 4 | 560 | / | 80 |
| total: | 30 | 4420g | / | 765w |
| Altar of Storms | 1 | 180 | / | 50 |
| Orc Burrow | 5 | 800 | / | 200 |
| Voodoo Lounge | 2 | 260 | / | 60 |
| War Mill | 1 | 205 | / | 0 |
| Barracks | 1 | 180 | / | 50 |
| Spirit Lodge | 1 | 150 | / | 150 |
| Tauren Totem | 1 | 135 | / | 155 |
| Stronghold | 1 | 315 | / | 190 |
| Fortress | 1 | 325 | / | 190 |
| total: | 12 | 1910g | / | 665w |
| 0:04 | Peon |
| 0:10 | Altar of Storms |
| 0:11 | Orc Burrow |
| 0:19 | Peon |
| 0:24 | Peon |
| 0:44 | Voodoo Lounge |
| 0:47 | Peon |
| 1:14 | Peon |
| 1:19 | War Mill |
| 1:24 | Peon |
| 1:42 | Peon |
| 2:10 | Healing Salve |
| 2:12 | Scroll of Speed |
| 2:13 | Feral Spirit |
| 2:21 | Stronghold |
| 3:02 | Voodoo Lounge |
| 3:04 | Barracks |
| 3:05 | Orc Burrow |
| 4:05 | Troll Headhunter |
| 4:31 | Troll Headhunter |
| 4:45 | Fortress |
| 4:59 | Troll Headhunter |
| 5:01 | Spirit Lodge |
| 5:21 | Tauren Totem |
| 5:23 | Orc Burrow |
| 5:43 | Healing Salve |
| 5:44 | Lesser Clarity Potion |
| 5:44 | Scroll of Speed |
| 6:23 | War Stomp |
| 6:30 | Shaman Adept Training |
| 6:37 | Spirit Walker |
| 7:26 | Berserker Upgrade |
| 7:55 | Shaman Master Training |
| 8:01 | Healing Salve |
| 8:13 | Tauren |
| 8:14 | Shaman |
| 8:23 | Tiny Great Hall |
| 8:39 | Troll Berserker |
| 8:48 | Chain Lighting |
| 9:09 | Orc Burrow |
| 9:40 | Spirit Walker Adept Training |
| 9:42 | Peon |
| 9:46 | Scroll of Healing |
| 9:57 | Shaman |
| 10:05 | Peon |
| 10:37 | Spirit Walker |
| 10:47 | Tauren |
| 10:50 | Shaman |
| 11:10 | Troll Berserker |
| 12:12 | Endurance Aura |
| 12:22 | Healing Wave |
| 12:25 | Tauren |
| 13:19 | Tauren |
| 14:08 | Orb of Lightning |
| 14:09 | Lesser Clarity Potion |
| 14:11 | Lesser Clarity Potion |
| 14:11 | Potion of Mana |
| 14:22 | Reinforced Defenses |
| 14:24 | Spirit Walker Master Training |
| 14:25 | Shaman |
| 14:26 | Troll Berserker |
| 14:56 | Orc Burrow |
| 15:08 | Potion of Lesser Invulnerability |
| 15:08 | Scroll of Healing |
| 15:08 | Scroll of Protection |
| 15:09 | Scroll of Healing |
| 16:12 | War Stomp |
| 16:18 | War Stomp |
| 16:22 | Hex |
| 16:53 | Tauren |
| 16:54 | Troll Berserker |
| 16:55 | Shaman |
| 16:58 | Feral Spirit |
| 17:50 | Spirit Walker |
| 17:52 | Shaman |
| 18:05 | Healing Wave |
| Right click | 996 |
| Select | 467 |
| Select group | 202 |
| Build/train/purchase | 118 |
| Misc. action | 81 |
| Use ability | 39 |
| Assign group | 29 |
| Resource trade | 17 |
| Minimap ping | 9 |
| Item give/drop | 3 |
| Esc | 2 |



| Rod of Necromancy | 3 | 450 |
| Lesser Clarity Potion | 1 | 70 |
| Orb of Corruption | 1 | 375 |
| Scroll of Town Portal | 1 | 350 |
| Healing Salve | 1 | 100 |
| total: | 7 | 1345g |
| Acolyte | 8 | 600 | / | 0 |
| Ghoul | 3 | 360 | / | 0 |
| Crypt Fiend | 11 | 2365 | / | 440 |
| Obsidian Statue | 7 | 1400 | / | 245 |
| total: | 29 | 4725g | / | 685w |
| Crypt | 1 | 200 | / | 50 |
| Graveyard | 1 | 215 | / | 0 |
| Altar of Darkness | 1 | 180 | / | 50 |
| Ziggurat | 7 | 1050 | / | 350 |
| Tomb of Relics | 1 | 130 | / | 30 |
| Necropolis | 1 | 225 | / | 0 |
| Slaughterhouse | 1 | 140 | / | 135 |
| Halls of the Dead | 1 | 320 | / | 210 |
| Black Citadel | 1 | 325 | / | 230 |
| total: | 13 | 2140g | / | 615w |
| 0:00 | Acolyte |
| 0:08 | Crypt |
| 0:10 | Graveyard |
| 0:16 | Acolyte |
| 0:16 | Acolyte |
| 0:32 | Altar of Darkness |
| 0:44 | Ziggurat |
| 1:10 | Tomb of Relics |
| 1:11 | Ghoul |
| 1:35 | Crypt Fiend |
| 1:48 | Ziggurat |
| 2:09 | Crypt Fiend |
| 2:31 | Rod of Necromancy |
| 2:36 | Death Coil |
| 2:51 | Crypt Fiend |
| 3:25 | Halls of the Dead |
| 3:32 | Unholy Aura |
| 3:39 | Ghoul |
| 3:42 | Ziggurat |
| 4:12 | Crypt Fiend |
| 4:17 | Creature Attack |
| 5:56 | Black Citadel |
| 6:32 | Slaughterhouse |
| 6:35 | Healing Salve |
| 6:36 | Lesser Clarity Potion |
| 6:47 | Crypt Fiend |
| 7:12 | Rod of Necromancy |
| 7:19 | Frost Nova |
| 7:51 | Web |
| 7:54 | Obsidian Statue |
| 8:29 | Black Arrow |
| 8:32 | Destroyer Form |
| 9:00 | Death Coil |
| 9:07 | Crypt Fiend |
| 9:11 | Ziggurat |
| 9:40 | Obsidian Statue |
| 9:42 | Ghoul |
| 10:00 | Orb of Corruption |
| 10:01 | Rod of Necromancy |
| 10:16 | Scroll of Town Portal |
| 10:33 | Crypt Fiend |
| 10:34 | Obsidian Statue |
| 11:05 | Ziggurat |
| 11:20 | Creature Carapace |
| 12:19 | Dark Ritual |
| 12:36 | Obsidian Statue |
| 12:37 | Crypt Fiend |
| 12:38 | Improved Creature Attack |
| 13:12 | Obsidian Statue |
| 13:12 | Crypt Fiend |
| 13:16 | Acolyte |
| 14:19 | Acolyte |
| 14:19 | Acolyte |
| 14:40 | Acolyte |
| 14:47 | Silence |
| 15:09 | Necropolis |
| 15:12 | Acolyte |
| 15:59 | Crypt Fiend |
| 16:00 | Obsidian Statue |
| 16:12 | Unholy Aura |
| 16:25 | Frost Nova |
| 16:32 | Obsidian Statue |
| 16:37 | Black Arrow |
| 16:55 | Crypt Fiend |
| 17:45 | Ziggurat |
| 17:46 | Ziggurat |
| 17:48 | Advanced Creature Attack |
| Select group | 1627 |
| Right click | 1592 |
| Misc. action | 422 |
| Select | 317 |
| Build/train/purchase | 102 |
| Use ability | 59 |
| Assign group | 41 |
| Minimap ping | 3 |
| Item give/drop | 2 |
| Esc | 2 |
| Remove unit | 1 |
⇛